 Dungeon Crawl Stone Soup version 0.29.1-2-gbd0b4ee654 (webtiles) character file.

Game seed: 10491576438088555962

1262 Nerdsrcool the Sneak (level 8, 0/46 HPs)
             Began as an Octopode Conjurer on Nov 1, 2022.
             Slain by Menkaure (25 damage)
             ... on level 6 of the Dungeon on Nov 2, 2022.
             The game lasted 00:27:21 (8218 turns).

Nerdsrcool the Sneak (Octopode Conjurer)            Turns: 8218, Time: 00:27:24

Health: 0/46       AC:  1    Str:  6    XL:     8   Next: 52%
Magic:  22/24      EV: 15    Int: 22    God:
Gold:   111        SH:  0    Dex: 17    Spells: 15/16 levels left

rFire   + . .      SeeInvis .   A - +3 quarterstaff (drain)
rCold   . . .      Faith    .   (shield currently unavailable)
rNeg    + . .      Spirit   .   (helmet restricted)
rPois   .          Reflect  .   (no amulet)
rElec   .          Harm     .   k - ring of protection from fire
rCorr   .          Rampage  .   I - ring of magical power
Will    +....                   M - ring of willpower
Stlth   +++++.....              P - +6 ring of dexterity
HPRegen 0.15/turn               O - ring of positive energy
MPRegen 0.19/turn               (no ring)
                                (no ring)
                                (no ring)

@: lethally poisoned (0 -> -6), studying Earth Magic
A: almost no armour, amphibious, 8 rings, camouflage 1, gelatinous body 1,
(nimble swimmer 1), tentacles
a: no special abilities


You were on level 6 of the Dungeon.
You visited 1 branch of the dungeon, and saw 6 of its levels.

You collected 331 gold pieces.
You spent 220 gold pieces at shops.

Inventory:

Hand Weapons
 b - a +0 short sword
 c - a +2 hand axe of freezing
 w - a +1 dagger of speed
 A - a +3 quarterstaff of draining (weapon)
 H - a +1 vorpal flail
 N - a +2 flail of draining
Missiles
 r - 3 atropa-tipped darts
 G - 4 poisoned darts
Magical Staves
 h - a staff of earth
 p - a staff of fire
Jewellery
 k - a ring of protection from fire (left tentacle)
 I - a ring of magical power (right tentacle)
 M - a ring of willpower (on tentacle)
 O - a ring of positive energy (on tentacle)
 P - a +6 ring of dexterity (on tentacle)
Wands
 o - a wand of paralysis (6)
 y - a wand of flame (38)
Scrolls
 e - 6 scrolls of teleportation
 j - 2 scrolls of magic mapping
 l - a scroll of vulnerability
 D - a scroll of blinking
 J - a scroll of fear
 K - 2 scrolls of noise {unknown}
Potions
 a - a potion of magic
 d - 4 potions of haste
 f - a potion of cancellation {unknown}
 g - 2 potions of flight
 i - a potion of berserk rage {unknown}
 m - 2 potions of lignification {unknown}
 n - a potion of brilliance {unknown}
 q - 3 potions of curing
 t - a potion of ambrosia {unknown}
 u - a potion of heal wounds {unknown}
 v - a potion of degeneration {unknown}
 x - a potion of invisibility {unknown}
 z - a potion of resistance {unknown}
 E - 3 potions of might {unknown}
 L - a potion of attraction {unknown}


   Skills:
 + Level 5.3 Dodging
 + Level 7.6 Stealth
 + Level 4.9 Spellcasting
 + Level 6.4 Conjurations


You had 15 spell levels left.
You knew the following spells:

 Your Spells              Type           Power      Damage    Failure   Level
a - Magic Dart            Conj           100%       1d8       1%          1

Your spell library contained the following spells:

 Spells                   Type           Power      Damage    Failure   Level
 Searing Ray              Conj           66%        2d6       1%          2
 Dazzling Flash           Conj/Hex       38%        N/A       9%          3
 Sting                    Tmut/Pois      20%        1d4       11%         1
 Blink                    Tloc           10%        N/A       16%         2
 Poisonous Vapours        Pois/Air       10%        N/A       16%         2
 Fulminant Prism          Conj/Hex       9%         3d7       26%         4
 Iskenderun's Mystic Bla  Conj/Tloc      19%        2d6       26%         4
 Call Canine Familiar     Summ           5%         N/A       30%         3
 Portal Projectile        Hex/Tloc       10%        N/A       30%         3
 Leda's Liquefaction      Hex/Erth       2%         N/A       71%         4
 Olgreb's Toxic Radiance  Pois           5%         N/A       71%         4
 Manifold Assault         Tloc           5%         N/A       96%         5
 Storm Form               Tmut/Air       2%         N/A       100%        7


Dungeon Overview and Level Annotations

Branches:
Dungeon (6/15)
 Temple: D:4-7

Altars:
Ru

Shops:
D:4 =   D:5 (

Annotations:
D:6 Menkaure


Innate Abilities, Weirdness & Mutations

You cannot wear most types of armour.
You are amphibious.
You can wear up to eight rings at the same time.
Your skin changes colour to match your surroundings (Stealth+).
Your rubbery body absorbs attacks. (AC +1, EV +1)
((You are camouflaged when in or above water. (Stealth+)))
You have tentacles for arms and can constrict up to eight enemies at once.


Message History

Press: ? - help, Q - select action, (/) - cycle Shift-Dir - straight line, f - ice beast
Aim: an ice beast (moderately wounded, chance to affect: 49%)
The ice beast suddenly stops moving!
The helpless ice beast fails to defend itself.
You sock the ice beast! You drain the ice beast.
The ice beast is almost dead.
The helpless ice beast fails to defend itself.
You sock the ice beast!
You kill the ice beast!
You start resting.
HP restored.
You climb downwards.
There is a stone staircase leading up, spattered with blood here.
Menkaure, Prince of Dust comes into view.
A water moccasin comes into view.
The magic dart hits Menkaure but does no damage.
Menkaure shouts!
The water moccasin hisses angrily.
The magic dart hits the water moccasin.
The water moccasin is moderately wounded.
The magic dart hits the water moccasin.
The water moccasin is moderately wounded.
The water moccasin bites you.
You hit the water moccasin. Your grab misses the water moccasin.
The water moccasin is heavily wounded.
The water moccasin bites you. x2
You are poisoned.
The water moccasin poisons you!
You hit the water moccasin. You drain the water moccasin.
You grab the water moccasin. Your squeeze misses the water moccasin.
The water moccasin is heavily wounded.
You constrict the water moccasin.
You feel very sick. The water moccasin bites you. Menkaure closely misses you.
You hit the water moccasin but do no damage.
The water moccasin is heavily wounded.
You constrict the water moccasin.
You feel very sick. The water moccasin bites you. Menkaure hits you!!
Ouch! That really hurt!
You die...

####........# ....
......#.....###.....
................... .
.....>......#...... ..
.....#......<..# .# ...
.......#.......# .# ....
#.#.........####.#.....
#.##)<#.........M......
##.#..).........@S......
......###........)......
.#.#).##.....######.....
...[......#..# ....
....###...##.## ...
..).....####..# ..
.....#######..## #
......#........#
...............


You could see a water moccasin (drained) and Menkaure.

Vanquished Creatures
  An ice beast (D:5)
  A sky beast (D:6)
  A black bear (D:4)
  A centaur (D:5)
  Blork the orc (D:5)
  A scorpion (D:5)
  The ghost of CBASSkasper the Skirmisher, a weakling GnHu (D:3)
  A howler monkey (D:6)
  An orc priest (D:4)
  6 hounds
  Crazy Yiuf (D:2)
  A gnoll bouda (D:5)
  3 iguanas
  An orc wizard (D:5)
  9 gnolls
  13 adders
  An ufetubus (D:5)
  2 worms
  2 dart slugs (D:1)
  16 orcs
  3 endoplasms
  A giant cockroach (D:1)
  18 goblins
  6 hobgoblins
  7 jackals
  4 quokkas
  10 ball pythons
  7 bats
  5 frilled lizards
  8 kobolds
  8 rats
141 creatures vanquished.

Notes
Turn   | Place    | Note
-------+----------+-------------------------------------------
     0 | D:1      | Nerdsrcool the Octopode Conjurer began the quest for the
                  | Orb.
     0 | D:1      | Reached XP level 1. HP: 11/11 MP: 3/3
   171 | D:1      | Reached skill level 3 in Stealth
   171 | D:1      | Reached XP level 2. HP: 14/17 MP: 1/5
   761 | D:1      | Reached XP level 3. HP: 21/21 MP: 3/6
  1600 | D:2      | Reached XP level 4. HP: 27/27 MP: 2/7
  1761 | D:2      | Found a runed translucent door.
  1762 | D:2      | Noticed Crazy Yiuf
  1802 | D:2      | Found a faded altar of an unknown god.
  1922 | D:2      | Reached skill level 4 in Stealth
  2583 | D:3      | Noticed CBASSkasper's ghost (weakling GnHu)
  2583 | D:3      | Found a transporter.
  2725 | D:3      | Reached XP level 5. HP: 31/31 MP: 5/9
  2985 | D:3      | Found a transporter.
  3409 | D:2      | Killed Crazy Yiuf
  3642 | D:3      | HP: 1/31 [CBASSkasper's ghost (12)]
  4042 | D:3      | Killed CBASSkasper's ghost
  4043 | D:3      | Reached skill level 5 in Stealth
  4043 | D:3      | Reached XP level 6. HP: 15/36 MP: 6/10
  4281 | D:4      | Noticed a black bear
  4304 | D:4      | Killed a black bear
  4305 | D:4      | Reached skill level 5 in Conjurations
  4583 | D:4      | Identified the +0 helmet of Fynihur {Fly Str-4 Dex+4
                  | Slay+3}
  4836 | D:4      | Found Fyner's Jewellery Boutique.
  4849 | D:4      | Bought a ring of magical power for 220 gold pieces
  4926 | D:4      | Found a sacrificial altar of Ru.
  4990 | D:5      | Entered Level 5 of the Dungeon
  5023 | D:5      | Reached XP level 7. HP: 34/41 MP: 12/12
  5155 | D:5      | Noticed Blork the orc
  5165 | D:5      | Killed Blork the orc
  5458 | D:5      | Reached skill level 6 in Stealth
  5713 | D:5      | Found Ohisegunu's Antique Weapon Emporium.
  6567 | D:5      | Reached XP level 8. HP: 30/46 MP: 14/14
  7190 | D:6      | Reached skill level 7 in Stealth
  7197 | D:6      | Reached skill level 5 in Dodging
  8211 | D:6      | Noticed Menkaure
  8218 | D:6      | Slain by Menkaure

Illustrated notes

Levels and vault maps discovered:
D:1:      saegor_arrival_simple_a, layout_loops_ring, solitary_fountain
D:2:      cheibrodos_greedy_goblins, layout_basic,
          chequers_ecumenical_altar_twisty, kennysheep_generic_room_10,
          uniq_crazy_yiuf_cottage
D:3:      layout_rooms, gammafunk_ghost_arena, supply_closet_lemuel
D:4:      layout_basic, nicolae_ru_path_of_blood, serial_shops,
          nicolae_shop_statue_plus
D:5:      minmay_bubble_buster, layout_loops_ring, serial_shops,
          nicolae_take_the_stairs, uniq_blork_the_orc
D:6:      layout_rooms, uniq_menkaure, uniq_prince_ribbit1

Skill      XL: |  1  2  3  4  5  6  7  8 |
---------------+-------------------------+-----
Stealth        | 3 4 5 6 7 |  7.6
Dodging        | 3 4 5 |  5.3
Spellcasting   | 3 4 |  4.9
Conjurations   | 5 6 |  6.4

Action                   |  1- 3 |  4- 6 |  7- 9 || total
-------------------------+-------+-------+-------++-------
Melee: Short sword       |    18 |    13 |       ||    31
       Tentacles         |     6 |    20 |    15 ||    41
       Constrict         |     5 |    14 |    12 ||    31
       Punch             |     1 |       |     1 ||     2
       Dagger            |       |    58 |     9 ||    67
       Flail             |       |       |    19 ||    19
       Quarterstaff      |       |       |    28 ||    28
 Cast: Magic Dart        |    72 |   103 |    97 ||   272
Evoke: Wand              |       |     3 |    10 ||    13
  Use: Scroll            |     3 |     8 |     7 ||    18
       Potion            |       |       |     1 ||     1
 Stab: Paralysed         |       |     2 |     2 ||     4
Armor: Skin              |     1 |     9 |     2 ||    12
Dodge: Dodged            |    12 |    55 |    80 ||   147
